 Dungeon Crawl Stone Soup version 0.27-a0-597-g524d869a0f (webtiles) character file.

Game seed: 9105165781353589890

264 rlunger the Sneak (level 5, 0/38 HPs)
             Began as a Vampire Brigand on Mar 12, 2021.
             Succumbed to a scorpion's poison
             ... on level 4 of the Dungeon.
             The game lasted 00:17:27 (2788 turns).

rlunger the Sneak (Vampire Brigand)                 Turns: 2788, Time: 00:17:28

Health: 0/38       AC:  9    Str: 11    XL:     5   Next: 98%
Magic:  5/5        EV: 10    Int: 14    God:
Gold:   102        SH:  0    Dex: 15    Spells: 4/4 levels left

rFire    . . .     SeeInvis +   a - +2 dagger
rCold    . . .     Faith    .   (no shield)
rNeg     . . .     Spirit   .   g - +0 ring mail
rPois    .         Reflect  .   (no helmet)
rElec    .         Harm     .   c - +0 cloak
rCorr    .         Rampage  .   (no gloves)
Will     .....                  k - +2 pair of boots
Stlth    +++.......             (no amulet)
HPRegen  0.32/turn              (no ring)
MPRegen  0.09/turn              (no ring)

@: lethally poisoned (0 -> -5), regenerating quickly
A: fangs 3, see invisible, unbreathing 1, vampiric 2
a: Exsanguinate


You were on level 4 of the Dungeon.
You visited 1 branch of the dungeon, and saw 4 of its levels.

You collected 102 gold pieces.

Inventory:

Hand Weapons
 a - a +2 dagger (weapon)
 h - a +1 vorpal flail
 j - a +0 hunting sling
Missiles
 e - a boomerang (quivered)
 f - 13 arrows
 l - 20 bolts
Armour
 b - a +0 robe
 c - a +0 cloak (worn)
 g - a +0 ring mail (worn)
 k - a +2 pair of boots (worn)
Wands
 d - a wand of flame (18)
Scrolls
 n - a scroll of identify


   Skills:
 + Level 2.1 Fighting
 + Level 3.3 Short Blades
 + Level 3.8 Throwing
 + Level 0.9 Armour
 + Level 1.5 Dodging
 + Level 7.1 Stealth


You had 4 spell levels left.
You didn't know any spells.
Your spell library was empty.

Dungeon Overview and Level Annotations

Branches:
Dungeon (4/15)
 Temple: D:4-7

Altars:
Ashenzari
The Shining One


Innate Abilities, Weirdness & Mutations

Your natural rate of healing is unusually fast.
You have razor-sharp teeth.
You have supernaturally acute eyesight. (SInv)
You can survive without breathing.
You are afflicted with vampirism and can become a bat while bloodless.


Message History

The scorpion is severely wounded.
The scorpion closely misses you.
You hit the scorpion but do no damage.
The scorpion is severely wounded.
You feel sick.
You closely miss the scorpion.
The scorpion is severely wounded.
The scorpion stings you!
You hit the scorpion.
The scorpion is severely wounded.
The scorpion stings you but does no damage.
You barely miss the scorpion.
The scorpion is severely wounded.
You feel sick. The scorpion stings you.
* * * LOW HITPOINT WARNING * * *
You hit the scorpion. Your bite misses the scorpion.
The scorpion is almost dead.
The scorpion stings you but does no damage.
You hit the scorpion but do no damage.
The scorpion is almost dead.
You feel sick. The scorpion stings you.
* * * LOW HITPOINT WARNING * * *
You are lethally poisoned!
The scorpion poisons you!
Okay, then.
You aren't carrying any potions.
Aiming: Throw Flame
Press: ? - help, Shift-Dir - straight line, f/p - scorpion
Aim: a scorpion (almost dead, 32% to evade)
The puff of flame hits the scorpion.
You kill the scorpion!
* * * LOW HITPOINT WARNING * * *
You feel sick.
* * * LOW HITPOINT WARNING * * *
You feel sick.
You see here an adder corpse.
You aren't carrying any potions.
Okay, then.
Unknown command.
You die...

#........#.#
#..........# .#
###........######.#
#...............#.#
#......########.#.#
#......# #[#.#
#......# #.#.#
######## #†#.#.#
#.@...#
..........?....
##...##(.......
#... ##.#.#### #..
.#.# #.. !# # #. .#
..


There were no monsters in sight!

Vanquished Creatures
  Edmund (D:4)
  A scorpion (D:4)
  An iguana (D:3)
  2 adders
  2 worms
  A leopard gecko (D:1)
  6 orcs (D:3)
  6 bats
  2 giant cockroaches
  4 goblins
  10 hobgoblins
  5 kobolds
  2 ball pythons
  4 frilled lizards
  2 rats
49 creatures vanquished.

Vanquished Creatures (others)
  A plant (D:4)
1 creature vanquished.

Grand Total: 50 creatures vanquished

Notes
Turn   | Place    | Note
-------+----------+-------------------------------------------
     0 | D:1      | rlunger the Vampire Brigand began the quest for the Orb.
     0 | D:1      | Reached XP level 1. HP: 16/16 MP: 1/1
     3 | D:1      | Noticed an electric eel
     4 | D:1      | Noticed an electric eel
    48 | D:1      | Reached skill level 6 in Stealth
    58 | D:1      | Found a broken altar of Ashenzari.
   251 | D:1      | Reached XP level 2. HP: 22/22 MP: 2/2
   918 | D:2      | Reached skill level 7 in Stealth
  1016 | D:2      | Gained mutation: You are afflicted with vampirism and can
                  | become a bat while bloodless. [Vampire growth]
  1016 | D:2      | Reached XP level 3. HP: 27/27 MP: 3/3
  1645 | D:3      | Noticed a kobold brigand
  1735 | D:3      | Reached XP level 4. HP: 33/33 MP: 4/4
  2627 | D:4      | Noticed Edmund
  2670 | D:4      | Killed Edmund
  2671 | D:4      | Reached XP level 5. HP: 12/38 MP: 5/5
  2787 | D:4      | HP: 1/38 [poisoned by a scorpion]
  2788 | D:4      | Succumbed to a scorpion's poison

Illustrated notes

Levels and vault maps discovered:
D:1:      arrival_aquarium_b, layout_rooms, nicolae_ashenzari_panopticon
D:2:      layout_basic, minmay_diced_spiral
D:3:      wander_river, layout_loops_corners, tso_metal_star, moated_statue,
          kennysheep_generic_room_8
D:4:      layout_basic, serial_shops, shop_fountains, serial_forest,
          infiniplex_forest_clump_small, infiniplex_forest_end_2,
          infiniplex_forest_straight_3, infiniplex_forest_lined_2,
          infiniplex_forest_lined_room_3, infiniplex_forest_clump_long,
          st_stairs_3, uniq_edmund

Skill      XL: |  1  2  3  4 |
---------------+-------------+-----
Stealth        | 6 7 |  7.1
Throwing       | 2 3 |  3.8
Fighting       | 2 |  2.1
Short Blades   | 3 |  3.3
Armour         | |  0.9
Dodging        | |  1.5

Action                   |  1- 3 |  4- 6 || total
-------------------------+-------+-------++-------
Melee: Dagger            |    46 |   111 ||   157
       Bite              |     6 |    14 ||    20
Throw: Dart              |    81 |    12 ||    93
       Boomerang         |       |     6 ||     6
Evoke: Wand              |       |     1 ||     1
  Use: Scroll            |     2 |     5 ||     7
       Potion            |       |     1 ||     1
 Stab: Sleeping          |     1 |       ||     1
Armor: Robe              |    10 |     4 ||    14
       Ring mail         |       |    19 ||    19
Dodge: Dodged            |    15 |    39 ||    54

Table legend: (Time is in decaauts)
 A = Elapsed time spent in this place.
 B = Non-inter-level travel time spent in this place.
 C = Inter-level travel time spent in this place.
 D = Time resting spent in this place.
 E = Time spent auto-exploring this place.
 F = Levels seen in this place.
 G = Mean time per level.
                   A        B        C        D        E       F      G
               +--------+--------+--------+--------+--------+-----+--------+
         Total |   2778 |   2747 |     31 |      5 |   2086 |   4 |  694.5 |
       Dungeon |   2778 |   2747 |     31 |      5 |   2086 |   4 |  694.5 |
               +--------+--------+--------+--------+--------+-----+--------+

Top non-repeatable levels by time:
     D:3: 1071 daAuts
     D:2: 796 daAuts
     D:1: 721 daAuts
     D:4: 189 daAuts
